 Dungeon Crawl Stone Soup version 0.32-a0-558-g233958a4c4 (webtiles) character file.

Game seed: 17503751448899853536

124 BalefulStrix the Trooper (level 4, -2/38 HPs)
             Began as a Draconian Wanderer on Mar 1, 2024.
             Slain by Grinder (6 damage)
             ... on level 3 of the Dungeon.
             The game lasted 00:02:56 (2590 turns).

BalefulStrix the Trooper (Draconian Wanderer)       Turns: 2590, Time: 00:02:57

Health: -2/38      AC:  6    Str: 13    XL:     4   Next: 81%
Magic:  5/5        EV: 12    Int: 14    God:
Gold:   217        SH:  0    Dex: 12    Spells: 4/5 levels left

rFire   + . .        a - +2 quarterstaff
rCold   + . .        (shield currently unavailable)
rNeg    . . .        (body armour unavailable)
rPois   +            (helmet restricted)
rElec   +            b - +0 cloak
rCorr   +            (no gloves)
SInv    .            (no boots)
Will    .....        (no amulet)
Stlth   ++           (no ring)
HPRegen 0.26/turn    (no ring)
MPRegen 0.09/turn

%: no passive effects
@: resistant, attractive
A: AC +5, unfitting armour, cold-blooded
a: no special abilities


You were on level 3 of the Dungeon.
You visited 1 branch of the dungeon, and saw 3 of its levels.

You collected 217 gold pieces.

Inventory:

Hand Weapons
 a - a +2 quarterstaff (weapon)
Armour
 b - a +0 cloak (worn)
Scrolls
 c - a scroll of fear
 d - 2 scrolls of amnesia {unknown}
 e - a scroll of fog {unknown}
 h - a scroll of blinking {unknown}
 k - a scroll of poison {unknown}
 l - a scroll of revelation {unknown}
 m - a scroll of identify {unknown}
Potions
 j - a potion of attraction


   Skills:
 + Level 3.1 Fighting
 - Level 3.0 Staves
 + Level 3.0 Dodging
 + Level 2.3 Stealth
 - Level 1.0 Spellcasting
 - Level 3.0 Translocations


You had 4 spell levels left.
You knew the following spells:

 Your Spells              Type           Power      Damage    Failure   Level
a - Apportation           Tloc           18%        N/A       8%          1

Your spell library contained the following spells:

 Spells                   Type           Power      Damage    Failure   Level
 Teleport Other           Tloc           9%         N/A       22%         3


Dungeon Overview and Level Annotations

Branches:
Dungeon (3/15)

Altars:

Annotations:
D:3 Grinder


Innate Abilities, Weirdness & Mutations

Your plain brown scales are hard. (AC +5)
You cannot fit into any form of body armour.
You are cold-blooded and may be slowed by cold attacks.


Message History

You are too injured to fight recklessly!
You are too injured to fight recklessly!
You are too injured to fight recklessly!
You are too injured to fight recklessly!
You are too injured to fight recklessly!
You are too injured to fight recklessly!
You are too injured to fight recklessly!
You are too injured to fight recklessly!
You are too injured to fight recklessly!
Unknown command.
You hit Grinder.
Grinder is moderately wounded.
Grinder gestures at you. Pain shoots through your body!
* * * LOW HITPOINT WARNING * * *
You barely miss Grinder.
Grinder is moderately wounded.
Grinder barely misses you. Grinder hits you but does no damage.
Unknown command.
It was a potion of attraction.
You feel attractive to monsters. Grinder hits you.
* * * LOW HITPOINT WARNING * * *
Unknown command.
It was a potion of resistance.
You feel protected. Grinder completely misses you.
Unknown command.
It was a potion of curing.
You feel better. Grinder barely misses you.
Unknown command.
It was a potion of magic.
Magic courses through your body. Grinder barely misses you.
Unknown command.
You hit Grinder.
Grinder is moderately wounded.
Grinder hits you.
* * * LOW HITPOINT WARNING * * *
You writhe in agony.
You die...
Grinder sighs, "Dead already?
I want a refund."

#....... ###
##############..... ....
.........†...'.....
....#########.#####..)..
#............#####.....
#...............##.....
#...........###.##.....
#....5......###.#######
#.....@.......... .
#...........###.# #
#...........#
#...............
#...............
#...............
#...............
#...............
...............


You could see Grinder.

Vanquished Creatures
  An orc wizard (D:2)
  Robin (D:3)
  2 adders
  2 dart slugs
  A ribbon worm (D:3)
  3 orcs (D:2)
  7 bats
  2 giant cockroaches (D:1)
  13 goblins
  7 hobgoblins
  3 quokkas (D:2)
  5 ball pythons
  2 frilled lizards (D:1)
  5 kobolds
  4 rats
58 creatures vanquished.

Notes
Turn   | Place    | Note
-------+----------+-------------------------------------------
     0 | D:1      | BalefulStrix the Draconian Wanderer began the quest for the
                  | Orb.
     0 | D:1      | BalefulStrix set off with the following items: a +2
                  | quarterstaff, a +0 cloak, a scroll of fear; and the
                  | following spell memorised: Apportation; and the following
                  | spells available to memorise: Teleport Other.
     0 | D:1      | Reached XP level 1. HP: 16/16 MP: 2/2
   144 | D:1      | Reached XP level 2. HP: 23/23 MP: 3/3
   441 | D:1      | Reached skill level 1 in Stealth
  1223 | D:2      | Reached XP level 3. HP: 27/29 MP: 4/4
  1881 | D:3      | Noticed Grinder
  1939 | D:2      | Reached XP level 4. HP: 37/37 MP: 5/5
  2213 | D:3      | Noticed Robin
  2223 | D:3      | Killed Robin
  2590 | D:3      | Slain by Grinder

Illustrated notes

Levels and vault maps discovered:
D:1:      dpeg_arrival_morbid_curiosity, layout_basic, grunt_decor_junction
D:2:      layout_loops_corners
D:3:      layout_basic, marbit_many_paths, uniq_robin, uniq_grinder

Skill      XL: |  1  2  3  4 |
---------------+-------------+-----
Dodging        | 2 3 |  3.0
Stealth        | 1 2 |  2.3
Fighting       | 2 3 |  3.1
Staves         | |  3.0
Spellcasting   | |  1.0
Translocations | |  3.0

Action                     |  1- 3 |  4- 6 || total
---------------------------+-------+-------++-------
  Melee: Quarterstaff      |    89 |    85 ||   174
         Tailslap          |     5 |     7 ||    12
    Use: Potion            |       |     4 ||     4
   Stab: Sleeping          |     4 |       ||     4
 Armour: Skin              |    48 |    59 ||   107
  Dodge: Dodged            |    67 |    60 ||   127

Table legend: (Time is in decaauts)
 A = Elapsed time spent in this place.
 B = Non-inter-level travel time spent in this place.
 C = Inter-level travel time spent in this place.
 D = Time resting spent in this place.
 E = Time spent auto-exploring this place.
 F = Levels seen in this place.
 G = Mean time per level.
                   A        B        C        D        E       F      G
               +--------+--------+--------+--------+--------+-----+--------+
         Total |   2618 |   2545 |     73 |    155 |   1967 |   3 |  872.7 |
       Dungeon |   2618 |   2545 |     73 |    155 |   1967 |   3 |  872.7 |
               +--------+--------+--------+--------+--------+-----+--------+

Top non-repeatable levels by time:
     D:2: 1116 daAuts
     D:1: 969 daAuts
     D:3: 531 daAuts
